 Dungeon Crawl Stone Soup version 0.26.0-10-g1f06aea511 (webtiles) character file.

Game seed: 14291481524000075161

52 inc the Sneak (level 3, -2/14 HPs)
             Began as a Felid Enchanter on Jan 30, 2021.
             Slain by a worm (12 damage)
             ... on level 2 of the Dungeon.
             The game lasted 00:06:03 (4550 turns).

inc the Sneak (Felid Enchanter)                     Turns: 4550, Time: 00:06:05

Health: -2/14      AC:  1    Str:  4    XL:     3   Next: 60%
Magic:  3/7        EV: 18    Int: 16    God:
Gold:   48         SH:  0    Dex: 17    Spells: 3/6 levels left
                                        Lives:  0   Deaths: 1

rFire    . . .     SeeInvis +     - Unarmed
rCold    . . .     Faith    .   (shield unavailable)
rNeg     . . .     Spirit   .   (armour unavailable)
rPois    .         Reflect  .   (helmet unavailable)
rElec    .         Harm     .   (cloak unavailable)
rCorr    .         Rampage  .   (gloves unavailable)
Will     .....                  (boots unavailable)
Stlth    +++.......             (no amulet)
HPRegen  0.04/turn              (no ring)
MPRegen  0.10/turn              (no ring)

@: quick
A: very small, no armour, no weapons or thrown items, stealth, claws 1, fangs 3,
see invisible, speed 1, shaggy fur 1, sharp paws
a: no special abilities


You were on level 2 of the Dungeon.
You visited 1 branch of the dungeon, and saw 2 of its levels.

You collected 48 gold pieces.

Inventory:

Jewellery
 f - an uncursed amulet of guardian spirit {unknown}
 j - an uncursed amulet of reflection
Scrolls
 a - 4 scrolls of fear {unknown}
 c - 3 scrolls of teleportation {unknown}
 d - 2 scrolls of immolation {unknown}
 e - a scroll of enchant weapon {unknown}
 g - 2 scrolls of identify {unknown}
 i - a scroll of fog {unknown}
Potions
 b - 2 potions of haste {unknown}
 h - a potion of brilliance {unknown}


   Skills:
 - Level 2.6 Dodging
 + Level 4.6 Stealth
 + Level 4.2 Unarmed Combat
 - Level 2.0 Spellcasting
 - Level 4.4 Hexes


You had 3 spell levels left.
You knew the following spells:

 Your Spells              Type           Power        Failure   Level
a - Corona                Hex            16%          3%          1
b - Ensorcelled Hibernat  Hex/Ice        16%          13%         2

Your spell library contained the following spells:

 Spells                   Type           Power        Failure   Level
 Confusing Touch          Hex            15%          11%         3
 Tukima's Dance           Hex            15%          11%         3
 Dazzling Flash           Conj/Hex       16%          26%         3


Dungeon Overview and Level Annotations

Branches:
Dungeon (2/15)

Altars:
Ashenzari
Trog
Zin


Innate Abilities, Weirdness & Mutations

You cannot wear armour.
You are incapable of wielding weapons or throwing items.
Your paws allow you to move quietly. (Stealth)
You have sharp claws.
You have razor-sharp teeth.
You have supernaturally acute eyesight. (SInv)
You cover ground quickly.
You are covered in fur. (AC +1)
Your sharp claws are effective at attacking unaware monsters.


Message History

Confirm with . or Enter, or press ? or * to list all spells.
You don't know that spell.
You see here 7 poisoned darts.
The worm is no longer berserk.
The worm looks more energetic.
Casting: Ensorcelled Hibernation (safe; 13% risk of failure)
Confirm with . or Enter, or press ? or * to list all spells.
Aiming: Ensorcelled Hibernation (safe; 13% risk of failure)
Press: ? - help, Shift-Dir - straight line, f - worm
Aim: a worm (chance to affect: 49%)
The worm resists with some effort.
The worm bites you.
Casting: Ensorcelled Hibernation (safe; 13% risk of failure)
Confirm with . or Enter, or press ? or * to list all spells.
Aiming: Ensorcelled Hibernation (safe; 13% risk of failure)
Press: ? - help, Shift-Dir - straight line, f/p - worm
Aim: a worm (chance to affect: 49%)
The worm resists with some effort.
The rat completely misses you. The worm bites you!
Ouch! That really hurt!
You die...

#..###.#..................
#.###..#.....^.......#.... ####
##.##..##......#...##......
#.).###...#.###......##.........(
...)).##..#.# #.......#..##.#....
.r_....##.#.# #..........##.#....
.......##...# #..................
.###r...#.#####r........###..##..
##y##...#.....(w@.......#######.#
.###....#.#######.......)........
.r......#.# #.........#.....#
.......##w# #.(.....######..#
......##..# #.......# #....#
##.####..## #.......# #.....
#.##...## #.......# #....#
#..r.### #.......# ###### ######
#.......#


You could see a worm and a rat.

Vanquished Creatures
  Robin (D:1)
  3 adders (D:2)
  A worm (D:2)
  2 dart slugs (D:1)
  8 bats
  A giant cockroach (D:1)
  9 hobgoblins
  3 jackals (D:1)
  5 kobolds
  A quokka (D:1)
  3 frilled lizards
  15 goblins
  7 rats
59 creatures vanquished.

Notes
Turn   | Place    | Note
-------+----------+-------------------------------------------
     0 | D:1      | inc the Felid Enchanter began the quest for the Orb.
     0 | D:1      | Reached XP level 1. HP: 7/7 MP: 4/4
   270 | D:1      | Reached XP level 2. HP: 11/11 MP: 6/6
   274 | D:1      | Learned a level 2 spell: Ensorcelled Hibernation
  1921 | D:2      | Reached XP level 3. HP: 13/14 MP: 4/7
  1957 | D:2      | Noticed Robin
  2776 | D:1      | Killed Robin
  3266 | D:2      | Reached XP level 4. HP: 16/18 MP: 5/8
  3675 | D:2      | Found a glowing silver altar of Zin.
  3678 | D:2      | Found a broken altar of Ashenzari.
  4128 | D:1      | Slain by a kobold
  4129 | D:1      | Reached XP level 3. HP: 0/14 MP: 1/7
  4501 | D:2      | Noticed a moth of wrath
  4504 | D:2      | Found a bloodstained altar of Trog.
  4550 | D:2      | Slain by a worm

Illustrated notes

Levels and vault maps discovered:
D:1:      minmay_arrival_jagged, layout_loops_corners
D:2:      layout_rooms, tgw_trog, chequers_temple_overflow_statue_of_worship,
          uniq_robin

Skill      XL: |  1  2  3  4 |
---------------+-------------+-----
Unarmed Combat | 2 3 4 |  4.2
Dodging        | |  2.6
Stealth        | |  4.6
Spellcasting   | |  2.0
Hexes          | |  4.4

Action                   |  1- 3 |  4- 6 || total
-------------------------+-------+-------++-------
Melee: Unarmed           |   105 |    42 ||   147
       Bite              |     4 |     2 ||     6
 Cast: Ensorcelled Hiber |    50 |    17 ||    67
 Stab: Sleeping          |    26 |     9 ||    35
Armor: Skin              |     7 |     3 ||    10
Dodge: Dodged            |   106 |    74 ||   180
